 Dungeon Crawl Stone Soup version 0.31.0-32-g396128a36d (webtiles) character file.

Game seed: 6070490769890042562

52 spaghetti the Trooper (level 3, 0/44 HPs)
             Began as an Oni Chaos Knight on Mar 9, 2024.
             Was a Plaything of Xom.
             Slain by Robin
             ... wielding a +0 spear
              (2 damage)
             ... on level 2 of the Dungeon.
             The game lasted 00:01:15 (994 turns).

spaghetti the Trooper (Oni Chaos Knight)             Turns: 994, Time: 00:01:15

Health: 0/44       AC:  5    Str: 16    XL:     3   Next: 85%
Magic:  3/3        EV:  9    Int: 15    God:    Xom [*.....]
Gold:   25         SH:  0    Dex:  8    Spells: 2/2 levels left

rFire   . . .        g - +4 club (chaos)
rCold   . . .        (no shield)
rNeg    . . .        b - +2 robe
rPois   .            (helmet restricted)
rElec   .            (no cloak)
rCorr   .            (gloves unavailable)
SInv    .            (boots unavailable)
Will    .....        (no amulet)
Stlth   +            (no ring)
HPRegen 0.27/turn    (no ring)
MPRegen 0.08/turn

%: no passive effects
@: death channelling
A: large, unfitting armour, horns 1, tough skin 1, double potion healing,
drunken brawling
a: Renounce Religion


You were on level 2 of the Dungeon.
You worshipped Xom.
You were a special plaything of Xom.
You visited 1 branch of the dungeon, and saw 2 of its levels.

You collected 25 gold pieces.

Inventory:

Hand Weapons
 a - a +0 spear of chaos
 g - a +4 club of chaos (weapon)
Armour
 b - a +2 robe (worn)
Scrolls
 c - a scroll of butterflies
 d - a scroll of blinking {unknown}
 e - a scroll of identify {unknown}
 f - a scroll of teleportation {unknown}


   Skills:
 + Level 6.2 Fighting
 - Level 3.0 Polearms
 - Level 2.1 Dodging


You had 2 spell levels left.
You didn't know any spells.
Your spell library was empty.

Dungeon Overview and Level Annotations

Branches:
Dungeon (2/15)

Altars:

Annotations:
D:2 Robin


Innate Abilities, Weirdness & Mutations

You are too large for most types of armour.
You have a pair of small horns on your head.
You have tough skin. (AC +1)
You gain doubled healing and magic from potions.
Whenever you drink a healing potion, you attack all around you.


Message History

The hobgoblin is heavily wounded.
Robin laughs in a distinctly smug fashion.
Robin hits you from afar with a +0 spear.
* * * LOW HITPOINT WARNING * * *
The goblin barely misses you.
The hobgoblin hits you but does no damage.
Robin closely misses you.
You hit the hobgoblin but do no damage.
The hobgoblin is poisoned.
The hobgoblin is heavily wounded. "This might be better!"
You swap places with the ball python.
Some monsters swap places.
You are now a beloved toy of Xom.
The goblin no longer looks unusually strong.
The goblin hits you but does no damage. The endoplasm freezes you.
You are frozen.
* * * LOW HITPOINT WARNING * * *
Robin throws the goblin at you!
Unknown command.
You hit the goblin. You freeze the goblin.
You kill the goblin!
The endoplasm hits you.
* * * LOW HITPOINT WARNING * * *
Robin zaps a wand.
You resist with some effort.
You sock the endoplasm! You freeze the endoplasm.
You kill the endoplasm!
Robin hits you but does no damage.
Robin hits you from afar with a +0 spear.
* * * LOW HITPOINT WARNING * * *
Xom guffaws.
Malign forces permeate your being, awaiting release.
You are now a special plaything of Xom.
You kill the hobgoblin!
A glowing mist starts to gather...
Robin hits you with a +0 spear.
* * * LOW HITPOINT WARNING * * *
You closely miss Robin.
Your spectral hobgoblin hits the ball python.
Robin hits you with a +0 spear.
You die...
Robin says, "And that's why I'm the boss."

...........####
.#########....#
.....#####..#.###
...#†......[#.>.######.
.#........#####.>......
.#.#)####...#...######.
.#.#.# ##.)#.### .#>#.#
#...Z#########.#.
.#.#.#
#.#.)Sg@))†......
.#.#.#
#.#.####.).....#.
.#.#.# #.... ######..#
.. #.# #.###. ... ...
...# .# # ..# ###.# #
#.#


You could see Robin (ally target), a ball python and a friendly spectral
hobgoblin.

Vanquished Creatures
  3 bats (D:1)
  3 endoplasms
  2 giant cockroaches (D:1)
  10 goblins (D:2)
  5 hobgoblins
  8 jackals (D:1)
  3 quokkas (D:1)
  A frilled lizard (D:1)
  3 kobolds (D:1)
  A rat (D:1)
39 creatures vanquished.

Notes
Turn   | Place    | Note
-------+----------+-------------------------------------------
     0 | D:1      | spaghetti the Oni Chaos Knight began the quest for the Orb.
     0 | D:1      | Reached XP level 1. HP: 24/24 MP: 1/1
    29 | D:1      | XOM: divination: detect items
    75 | D:1      | XOM: 1-stop teleportation journey
    94 | D:1      | Reached XP level 2. HP: 32/33 MP: 2/2
    98 | D:1      | XOM: scenery: summon butterflies
   146 | D:1      | XOM: 6-stop teleportation journey
   173 | D:1      | Reached skill level 5 in Fighting
   182 | D:1      | XOM: noise
   253 | D:1      | XOM: stat loss: -1 Dex (7/8)
   361 | D:1      | XOM: god gift: 6 atropa-tipped darts
   404 | D:1      | Reached XP level 3. HP: 41/42 MP: 3/3
   514 | D:1      | XOM: 1-stop teleportation journey
   552 | D:1      | XOM: summons 2 hostile demons
   828 | D:2      | XOM: chaos upgrade
   974 | D:2      | Noticed Robin
   975 | D:2      | Reached skill level 6 in Fighting
   976 | D:2      | Identified the ring "Qawaedgha" {Wiz rElec rPois Stlth+}
   990 | D:2      | XOM: swap monsters
   993 | D:2      | XOM: cast spell 'Death Channel'
   993 | D:2      | HP: 2/44 [Robin/+0 spear (4)]
   994 | D:2      | Slain by Robin

Illustrated notes

Levels and vault maps discovered:
D:1:      co_arrival_random_square_maze, layout_loops_ring
D:2:      layout_loops_ring, basic_altar, hangedman_feature_mirror,
          uniq_jessica, uniq_robin

Skill      XL: |  1  2  3 |
---------------+----------+-----
Fighting       | 5 6 |  6.2
Polearms       | |  3.0
Dodging        | |  2.1

Action                     || total
---------------------------++-------
  Melee: Spear             ||   134
         Headbutt          ||    10
         Club              ||    16
         Punch             ||     1
   Stab: Distracted        ||     1
         Paralysed         ||     1
 Armour: Robe              ||   115
  Dodge: Dodged            ||    67
